Map: Acid Plant LE

Players

Dark - Winner!

  • Race: Zerg Zerg
  • Spawn Location: 5:00

Maru

  • Race: Terran Terran
  • Spawn Location: 11:00

Event: WESG 2017 Haikou

VOD

Have the link to the VOD?

Description

Time

  • Played on: March 17, 2018, 10:50 p.m.
  • Length: 19:34

All games in this series

Show
View Real Time Build Order
Export as new Build Order

Dark Zerg - Winner!

Build Orders: Hatch First, Swarm Host 

Get SALT Encoding   

  12  0:00  Drone  
  13  0:12  Overlord  
  13  0:16  Drone  
  14  0:31  Drone x2  
  16  0:36  Drone  
  17  0:51  Hatchery  
  17  0:54  Drone  
  17  0:58  Drone  
  18  1:08  Extractor  
  17  1:12  Spawning Pool  
  17  1:15  Drone  
  17  1:18  Drone  
  18  1:28  Drone  
  19  1:38  Drone  
  20  1:50  Overlord  
  20  2:01  Queen  
  20  2:03  Queen  
  20  2:07  Drone  
  25  2:09  Zergling x2  
  25  2:13  Zergling x2  
  27  2:17  Drone  
  28  2:24  Hatchery  
  28  2:28  Drone  
  28  2:34  Drone  
  29  2:40  Extractor  
  29  2:41  Drone x2  
  29  2:44  Queen  
  31  2:49  Overlord  
  33  2:52  Drone  
  33  2:54  Drone  
  35  3:01  Drone  
  35  3:04  Lair  
  36  3:09  Drone  
  37  3:14  Drone  
  37  3:17  Drone x2  
  37  3:19  Queen  
  40  3:25  Roach Warren  
  42  3:27  Zergling x2  
  42  3:30  Extractor  
  42  3:32  Drone x2  
  43  3:34  Drone  
  43  3:39  Extractor x2  
  43  3:40  Drone x2  
  45  3:48  Overlord  
  44  3:56  Drone x2  
  44  3:58  Overlord  
  46  4:06  Nydus Network  
  45  4:11  Roach  
  45  4:13  Overlord  
  45  4:14  Overlord  
  45  4:16  Overlord  
  47  4:18  Roach  
  47  4:19  Roach  
  47  4:24  Glial Reconstitution  
  52  4:25  Drone x2  
  52  4:26  Drone  
  52  4:28  Drone  
  56  4:33  Drone x2  
  56  4:36  Drone  
  59  4:39  Drone  
  59  4:42  Drone x2  
  62  4:46  Drone x2  
  62  4:48  Drone  
  62  4:50  Drone  
  62  4:52  Drone  
  67  5:00  Drone  
  67  5:01  Overseer  
  67  5:02  Drone  
  67  5:03  Drone x2, Overlord  
  71  5:08  Overlord  
  71  5:11  Drone x2  
  74  5:17  Overlord x2  
  74  5:20  Roach  
  73  5:22  Roach  
  73  5:23  Roach  
  73  5:24  Roach  
  73  5:27  Spore Crawler  
  78  5:28  Roach  
  78  5:31  Roach  
  78  5:32  Roach  
  78  5:34  Roach  
  82  5:38  Roach x2  
  82  5:41  Roach  
  88  5:44  Roach  
  88  5:49  Roach  
  89  5:51  Ravager  
  89  5:52  Roach x2  
  89  5:55  Roach x2  
  93  5:58  Roach  
  93  6:01  Roach  
  89  6:07  Overseer  
  89  6:09  Queen x2  
  89  6:10  Roach x3  
  91  6:12  Roach  
  91  6:15  Roach  
  91  6:16  Overseer  
  95  6:22  Roach  
  95  6:23  Queen  
  97  6:28  Drone  
  97  6:31  Overlord  
  98  6:36  Overlord  
  98  6:37  Overlord  
  98  6:43  Evolution Chamber, Overlord  
  98  6:44  Evolution Chamber  
  96  6:47  Drone x2  
  96  6:49  Overlord  
  96  6:55  Drone x2  
  96  6:59  Queen  
  96  7:00  Drone  
  99  7:04  Drone  
  99  7:05  Drone  
  93  7:09  Tunneling Claws, Hydralisk Den  
  93  7:10  Burrow  
  93  7:11  Drone  
  93  7:12  Zerg Missile Weapons Level 1  
  93  7:14  Zerg Melee Weapons Level 1  
  93  7:15  Drone  
  94  7:17  Drone  
  95  7:25  Drone, Roach x2  
  95  7:26  Drone x5  
  95  7:28  Extractor  
  95  7:29  Extractor  
  103  7:37  Drone  
  103  7:39  Drone  
  103  7:42  Hatchery  
  104  7:46  Grooved Spines  
  104  7:48  Infestation Pit  
  103  7:52  Roach  
  103  7:53  Roach x9  
  120  8:08  Roach x3  
  126  8:16  Drone  
  126  8:17  Drone x3  
  126  8:18  Overlord x2  
  130  8:21  Hatchery  
  129  8:28  Drone, Baneling Nest  
  129  8:31  Roach x4  
  129  8:36  Roach x2  
  129  8:37  Roach x3, Hydralisk x5  
  129  8:38  Drone x4  
  129  8:40  Drone  
  129  8:41  Drone, Extractor  
  144  8:43  Extractor  
  144  8:45  Roach x3  
  143  8:49  Hydralisk  
  145  8:56  Roach x3  
  145  8:57  Muscular Augments  
  151  9:06  Ravager x5  
  151  9:09  Overlord x2  
  150  9:13  Overlord x2  
  146  9:22  Roach x4  
  144  9:27  Roach  
  144  9:31  Hatchery  
  141  9:40  Centrifical Hooks, Zerg Melee Weapons Level 2, Zerg Missile Weapons Level 2  
  137  9:54  Swarm Host x2, Roach  
  137  9:55  Swarm Host x7  
  137  9:59  Roach x3  
  164  10:00  Spore Crawler  
  164  10:01  Roach, Extractor x2  
  164  10:02  Spine Crawler x2  
  164  10:03  Drone x3  
  164  10:06  Roach x2  
  162  10:07  Roach  
  162  10:14  Roach  
  162  10:15  Roach x2  
  162  10:20  Roach x2  
  162  10:26  Swarm Host x5  
  162  10:28  Overlord  
  169  10:29  Zergling x20  
  177  10:40  Zergling x8, Roach x2  
  177  10:41  Metabolic Boost  
  181  10:43  Hive  
  175  10:51  Drone x3  
  175  10:52  Hydralisk x3  
  184  11:04  Zergling x10  
  184  11:05  Zergling x4  
  187  11:13  Baneling x20  
  187  11:16  Drone x2  
  187  11:17  Drone x2  
  191  11:19  Spine Crawler, Drone x3  
  191  11:20  Extractor  
  191  11:22  Spine Crawler  
  191  11:26  Baneling x12  
  191  11:28  Hydralisk  
  193  11:34  Pneumatized Carapace  
  193  11:54  Overlord x2  
  193  12:05  Zerg Ground Armor Level 1, Zerg Melee Weapons Level 3  
  193  12:08  Overseer  
  189  12:18  Viper x3  
  189  12:22  Drone x2, Evolution Chamber  
  199  12:23  Spore Crawler x2  
  199  12:25  Drone, Evolution Chamber  
  199  12:27  Evolution Chamber  
  196  12:33  Hydralisk x2  
  200  12:38  Roach x4  
  200  12:40  Baneling x8  
  200  12:55  Spire  
  193  13:09  Hatchery  
  193  13:10  Drone  
  193  13:11  Drone x5  
  193  13:12  Drone  
  197  13:15  Hydralisk  
  167  13:50  Hydralisk x7  
  167  13:51  Hydralisk x2  
  167  13:52  Zergling x20, Overlord x3  
  188  14:03  Overseer  
  188  14:04  Overseer  
  188  14:07  Zergling x10  
  188  14:08  Zergling x8  
  188  14:09  Overlord x2  
  197  14:10  Greater Spire  
  197  14:15  Zergling x4  
  197  14:16  Baneling x4  
  199  14:21  Baneling x3  
  199  14:22  Baneling x2  
  199  14:23  Adrenal Glands  
  199  14:32  Zerg Missile Weapons Level 3  
  199  14:34  Baneling  
  199  14:35  Baneling x11  
  199  14:42  Zerg Ground Armor Level 2  
  197  15:01  Spore Crawler  
  197  15:02  Spore Crawler x2  
  194  15:16  Corruptor  
  194  15:17  Corruptor x2  
  196  15:26  Corruptor x4  
  199  15:29  Zerg Flyer Weapons Level 1  
  199  15:31  Spire  
  179  16:08  Brood Lord  
  179  16:09  Brood Lord x6  
  179  16:10  Corruptor  
  179  16:11  Corruptor x5  
  199  16:18  Spore Crawler  
  199  16:21  Corruptor  
  199  16:25  Spine Crawler  
  196  16:28  Overseer  
  196  16:29  Drone x6  
  196  16:30  Drone x5  
  200  16:35  Drone x3  
  200  16:36  Drone  
  198  16:40  Drone x2  
  198  16:43  Drone x4  
  190  16:50  Drone x3  
  190  16:51  Drone x7  
  200  17:01  Zerg Flyer Armor Level 1  
  200  17:10  Spine Crawler  
  200  17:11  Spore Crawler  
  200  17:13  Spine Crawler, Spore Crawler  
  200  17:14  Drone x4  
  196  17:40  Viper  
  199  17:49  Viper x2  
  180  18:10  Corruptor x10, Hatchery  
  199  18:33  Spine Crawler x2  
  197  18:34  Spine Crawler, Drone  
  197  18:35  Drone x2  
  199  18:48  Zergling x2  
  200  19:00  Zergling x4  
  200  19:10  Hatchery  
  200  19:11  Hatchery  
Show
View Real Time Build Order
Export as new Build Order

Maru Terran 

Build Orders: Gas First Reaper Expand, Reaper Expand, Hellion Banshee, Mech 

Get SALT Encoding   

  12  0:03  SCV  
  13  0:15  SCV  
  13  0:18  Supply Depot  
  14  0:27  SCV  
  15  0:32  Refinery  
  15  0:40  SCV  
  16  0:45  Barracks  
  16  0:52  SCV  
  17  1:04  SCV  
  18  1:16  SCV  
  19  1:31  Orbital Command  
  19  1:32  Reaper  
  20  1:44  Command Center  
  20  1:54  Factory  
  20  1:57  SCV  
  21  2:06  Refinery  
  21  2:09  SCV  
  21  2:10  Barracks Reactor  
  22  2:15  Supply Depot  
  22  2:21  SCV  
  23  2:37  SCV  
  23  2:42  Starport  
  24  2:49  SCV  
  24  2:50  Hellion x2  
  29  2:51  Barracks Tech Lab  
  29  2:57  Orbital Command  
  29  3:02  SCV  
  30  3:11  Marine  
  31  3:14  Hellion  
  31  3:16  SCV  
  34  3:21  Viking  
  34  3:24  SCV  
  37  3:28  SCV  
  37  3:31  Hellion  
  40  3:34  Supply Depot  
  40  3:40  SCV  
  40  3:41  SCV  
  42  3:52  Hellion  
  42  3:53  Hellion  
  46  3:55  SCV x2  
  46  3:56  Supply Depot  
  46  3:57  Cloaking Field  
  46  4:02  Banshee  
  51  4:07  SCV  
  51  4:09  SCV  
  53  4:18  Supply Depot, Cyclone  
  53  4:20  SCV  
  53  4:23  Cyclone  
  60  4:24  SCV  
  61  4:32  Armory, SCV  
  62  4:40  SCV  
  62  4:41  Supply Depot  
  62  4:44  SCV  
  62  4:45  Supply Depot  
  64  4:46  Banshee  
  64  4:52  SCV  
  68  4:56  SCV  
  68  4:59  Command Center  
  69  5:04  SCV, Refinery x2  
  70  5:11  Hellion x2  
  75  5:14  SCV  
  75  5:16  SCV  
  76  5:23  Terran Vehicle Weapons Level 1  
  76  5:26  SCV  
  76  5:28  SCV  
  78  5:34  Hellion  
  80  5:37  Factory  
  80  5:38  SCV  
  80  5:40  SCV  
  82  5:50  Hellion, SCV  
  82  5:52  SCV  
  82  5:56  Hellion  
  78  6:01  Banshee  
  78  6:02  SCV  
  75  6:04  SCV, Factory  
  72  6:13  Cyclone  
  72  6:14  SCV  
  72  6:16  SCV  
  72  6:17  Cyclone  
  80  6:19  Orbital Command  
  80  6:26  SCV  
  80  6:28  SCV  
  80  6:30  Refinery  
  82  6:33  Armory  
  82  6:35  Refinery  
  82  6:39  SCV  
  83  6:40  Barracks Tech Lab  
  83  6:41  SCV  
  82  6:47  Cyclone  
  82  6:49  Cyclone  
  82  6:51  SCV  
  82  6:53  SCV x2  
  86  7:01  Starport Reactor  
  86  7:03  SCV  
  86  7:05  SCV x2  
  89  7:09  Supply Depot  
  89  7:15  SCV  
  90  7:17  Terran Vehicle Weapons Level 2, SCV x2  
  90  7:20  Siege Tank x2  
  90  7:21  Terran Vehicle And Ship Armor Level 1  
  98  7:25  Hellion  
  98  7:27  SCV  
  101  7:30  Command Center, SCV  
  101  7:32  Supply Depot x2  
  101  7:33  Supply Depot  
  101  7:34  SCV  
  103  7:39  SCV  
  103  7:42  Barracks Reactor  
  104  7:45  Factory x2  
  104  7:48  Viking  
  106  7:52  Hellion  
  106  7:54  Hellion  
  110  8:01  SCV  
  110  8:03  Supply Depot  
  110  8:04  Supply Depot  
  111  8:05  Siege Tank  
  111  8:06  Siege Tank, Infernal Pre-Igniter  
  117  8:13  Viking  
  117  8:15  Hellion  
  117  8:16  Hellion  
  117  8:18  SCV x3  
  126  8:22  Supply Depot x2  
  126  8:28  Refinery  
  126  8:30  SCV  
  126  8:32  Refinery  
  127  8:38  Siege Tank x2, Factory Tech Lab  
  127  8:40  Hellion x4  
  141  8:43  Orbital Command, SCV  
  142  8:53  SCV x2  
  141  9:01  Hellion, Siege Tank  
  141  9:02  Hellion  
  136  9:10  Siege Tank x2  
  136  9:14  SCV x2  
  136  9:15  Liberator  
  142  9:22  SCV  
  118  9:25  Terran Vehicle And Ship Armor Level 2  
  118  9:26  Engineering Bay  
  114  9:42  SCV x3  
  116  9:47  Hellion x2, SCV  
  115  9:54  SCV x3  
  115  9:57  Missile Turret  
  115  9:59  SCV  
  119  10:04  Missile Turret  
  119  10:06  SCV x2  
  121  10:13  Hellion x2  
  125  10:16  SCV x2  
  126  10:22  SCV  
  126  10:27  Missile Turret, SCV  
  117  10:29  Terran Vehicle Weapons Level 3  
  117  10:30  SCV x2  
  118  10:35  SCV  
  118  10:38  Missile Turret  
  118  10:39  SCV  
  118  10:42  SCV  
  121  10:45  SCV  
  118  10:51  Siege Tank x3  
  118  10:53  SCV x2  
  118  10:54  Orbital Command, SCV  
  130  11:00  Starport  
  130  11:01  Starport  
  130  11:02  SCV  
  130  11:05  SCV x2  
  130  11:08  Viking  
  130  11:12  Starport x2  
  130  11:16  Hellion  
  128  11:18  Medivac  
  128  11:22  SCV x2  
  128  11:23  Siege Tank  
  135  11:26  SCV  
  135  11:27  SCV  
  137  11:34  SCV x2  
  137  11:35  Siege Tank  
  137  11:37  Hellion  
  137  11:38  SCV, Medivac  
  137  11:39  SCV  
  148  11:50  Starport Tech Lab x2  
  148  11:53  SCV x2  
  150  11:55  SCV  
  150  11:57  Command Center  
  150  12:00  Viking  
  153  12:10  Siege Tank  
  153  12:13  SCV  
  158  12:20  Banshee, Missile Turret  
  158  12:21  Banshee  
  158  12:22  Hyperflight Rotors  
  164  12:23  Sensor Tower  
  164  12:27  Hellion  
  164  12:28  Hellion  
  165  12:32  SCV, Factory Tech Lab  
  166  12:39  Viking x2  
  170  12:48  SCV x3  
  170  12:51  SCV  
  168  12:52  Siege Tank, Sensor Tower  
  168  12:55  Corvid Reactor  
  168  12:58  Supply Depot x2  
  166  13:00  SCV x3  
  166  13:02  Missile Turret  
  166  13:03  SCV  
  166  13:05  Banshee x2  
  169  13:08  Terran Ship Weapons Level 1  
  169  13:12  SCV  
  176  13:19  SCV  
  178  13:20  SCV x2  
  178  13:24  SCV  
  180  13:29  Orbital Command  
  180  13:37  Factory Tech Lab  
  157  13:41  Siege Tank x2  
  157  13:42  Hellion x2  
  144  13:50  Hellion x2  
  144  13:54  SCV x3  
  144  13:55  SCV  
  152  14:03  Hellion x2, Planetary Fortress  
  152  14:06  Supply Depot, SCV x3  
  152  14:07  Supply Depot, SCV  
  152  14:09  Raven x2  
  164  14:14  Starport  
  164  14:16  Starport  
  164  14:18  SCV x2  
  164  14:19  SCV x2  
  168  14:26  Liberator x2  
  168  14:30  SCV x2  
  168  14:31  Hellion  
  169  14:33  Siege Tank x2  
  172  14:39  SCV x2  
  172  14:41  Hellion x8  
  180  14:48  Missile Turret  
  180  14:50  Missile Turret  
  180  14:52  SCV x2  
  182  14:56  Raven x2  
  182  14:58  Supply Depot, Starport Tech Lab x2  
  186  15:00  Supply Depot  
  186  15:01  SCV  
  186  15:03  Sensor Tower  
  187  15:12  SCV x3  
  187  15:15  Siege Tank  
  187  15:16  Siege Tank  
  187  15:17  Siege Tank  
  187  15:20  SCV  
  180  15:30  Raven  
  180  15:31  Raven  
  180  15:32  Viking x2  
  180  15:35  Refinery x2  
  188  15:37  Hellion x2  
  188  15:39  Raven  
  194  15:46  Sensor Tower  
  150  16:05  Command Center  
  150  16:06  Raven  
  150  16:08  Hellion x5  
  158  16:12  Viking x2  
  158  16:13  Raven  
  164  16:22  Hellion  
  164  16:23  Hellion  
  166  16:35  SCV  
  163  16:42  Hellion  
  163  16:46  Hellion x2  
  156  16:48  Siege Tank x2  
  156  16:50  Banshee  
  156  16:57  Cyclone  
  159  17:09  Cyclone x3  
  168  17:21  Siege Tank x2  
  168  17:22  Siege Tank  
  177  17:23  Missile Turret, Raven  
  179  17:33  Orbital Command, Viking  
  179  17:34  Viking  
  165  17:41  Viking  
  159  17:50  SCV x2  
  153  17:57  Cyclone x2  
  153  17:59  Command Center  
  153  18:00  Hellion x2  
  153  18:02  SCV x2  
  159  18:10  Command Center  
  159  18:12  Hellion  
  161  18:23  SCV x3  
  154  18:27  Refinery  
  154  18:32  Viking  
  156  18:40  Supply Depot, Viking  
  158  18:54  Cyclone x2  
  157  19:05  Hellion  
  157  19:08  SCV  
  157  19:09  SCV x3  
Tags
 
Add a new tag
Caveats
  • Supply blocks, unpowered buildings, or Contaminate may cause inaccurate times.
  • Supply counts are checked every 10 seconds.